 Dungeon Crawl Stone Soup version 0.22-b1-59-g0aedee7 (webtiles) character file.

506 Doobh the Sneak (level 7, -2/44 HPs)
             Began as a Kobold Assassin on Aug 10, 2018.
             Was an Initiate of Dithmenos.
             Slain by an orc wizard
             ... wielding a +0 dagger
              (5 damage)
             ... on level 4 of the Dungeon.
             The game lasted 00:12:50 (6009 turns).

Doobh the Sneak (Kobold Assassin)                   Turns: 6009, Time: 00:12:50

Health: -2/44      AC:  4    Str:  8    XL:     7   Next: 41%
Magic:  7/7        EV: 16    Int: 18    God:    Dithmenos [......]
Gold:   175        SH:  0    Dex: 18    Spells: 6/6 levels left

rFire    + . .     SeeInvis .   m - +4 dagger
rCold    + . .     Gourm    .   (shield restricted)
rNeg     . . .     Faith    .   c - +0 robe
rPois    +         Spirit   .   (no helmet)
rElec    +         Reflect  .   d - +0 cloak
rCorr    +         Harm     .   v - +0 pair of gloves
MR       .....                  (no boots)
Stlth    ++++......             (no amulet)
HPRegen  0.14/turn              (no ring)
MPRegen  0.10/turn              (no ring)

@: brilliant, resistant, flying
A: small, carnivore
a: Renounce Religion


You were on level 4 of the Dungeon.
You worshipped Dithmenos.
Dithmenos was noncommittal.
You were completely stuffed.

You visited 2 branches of the dungeon, and saw 6 of its levels.

You collected 175 gold pieces.

Inventory:

Hand Weapons
 b - a +0 blowgun
 m - a +4 dagger (weapon)
Missiles
 a - 60 sling bullets
 e - 2 poisoned needles
 n - 148 stones (quivered)
Armour
 c - a +0 robe (worn)
 d - a +0 cloak (worn)
 v - a +0 pair of gloves (worn)
Jewellery
 p - an uncursed ring of wizardry {unknown}
 t - a cursed ring of teleportation {unknown}
Scrolls
 f - a scroll of random uselessness {unknown}
 h - 2 scrolls of teleportation
 i - a scroll of amnesia
 l - a scroll of remove curse
 o - 2 scrolls of identify
 s - a scroll of immolation {unknown}
Potions
 j - a potion of haste {unknown}
 k - 3 potions of flight
 q - a potion of brilliance
 u - a potion of mutation {unknown}
Comestibles
 g - 8 rations


   Skills:
 * Level 4.6 Fighting
 + Level 4.5 Short Blades
 * Level 4.8 Throwing
 + Level 3.4 Dodging
 + Level 6.4 Stealth


You had 6 spell levels left.
You didn't know any spells.
Your spell library was empty.

Dungeon Overview and Level Annotations

Branches:
Dungeon (5/15)             Temple (1/1) D:4

Altars:
Ashenzari
Dithmenos
Elyvilon
Fedhas
Gozag
Hepliaklqana
Kikubaaqudgha
Nemelex Xobeh
Qazlal
Sif Muna
Trog
Uskayaw
Vehumet
Wu Jian
Yredelemnul
Zin


Innate Abilities, Weirdness & Mutations

You are small and have problems with some larger weapons.
You are carnivorous and can eat meat at any time.


Message History

The orc wizard blinks!
You hit the orc priest.
The orc priest is moderately wounded.
The orc priest closely misses you.
You hit the orc priest.
The orc priest is severely wounded.
The orc priest closely misses you.
You hit the orc priest.
The orc priest is almost dead.
The orc priest barely misses you.
The orc wizard gestures at you while chanting.
The magic dart hits you!
* * * LOW HITPOINT WARNING * * *
You hit the orc priest.
You kill the orc priest!
Dithmenos accepts your kill.
It was a potion of resistance.
You feel protected. The orc wizard hits you with a dagger.
You die...

###'#### #..##.#
.......# #...#.#
.......# #.#.#.#
.......# #.#...#
.......# #.##..#
.......# #.....#
###'#### ####..# #.#
#)o# #.# ######.@#
#.# ##888##..#
######## #.#
#8...8#..# #......#
#.# #8.>.8#..#
#.####.# #.#
#8...8#..# #.#..#.#
#.# ##8.8##..#
#...<#.# #.#
##.###..###########.#
#.#
#..................#
#.#
######.#############


You could see an orc wizard.

Vanquished Creatures
  A hound (D:2)
  4 orc priests
  An orc wizard (D:4)
  Jessica (D:3)
  Natasha (thrice) (D:3)
  2 worker ants (D:4)
  A hound skeleton (D:5)
  7 adders
  An ooze (D:2)
  2 worms
  3 dart slugs (D:1)
  4 leopard geckos
  10 orcs
  2 ball pythons (D:2)
  8 bats
  2 giant cockroaches
  10 goblins
  8 hobgoblins
  6 jackals (D:2)
  7 frilled lizards
  5 kobolds
  A leopard gecko skeleton (D:4)
  4 rats
93 creatures vanquished.

Notes
Turn   | Place    | Note
-------+----------+-------------------------------------------
     0 | D:1      | Doobh the Kobold Assassin began the quest for the Orb.
     0 | D:1      | Reached XP level 1. HP: 12/12 MP: 1/1
   246 | D:1      | Reached XP level 2. HP: 11/18 MP: 2/2
   599 | D:1      | Reached XP level 3. HP: 14/22 MP: 3/3
  1414 | D:2      | Reached XP level 4. HP: 27/28 MP: 4/4
  1560 | D:2      | Reached XP level 5. HP: 32/32 MP: 5/5
  3055 | D:3      | Noticed Jessica
  3060 | D:3      | Killed Jessica
  3060 | D:3      | Reached skill level 6 in Stealth
  3060 | D:3      | Reached XP level 6. HP: 38/38 MP: 6/6
  3066 | D:3      | Found a deep blue altar of Sif Muna.
  3769 | D:3      | Noticed Natasha
  3777 | D:3      | Killed Natasha
  3799 | D:3      | Noticed Natasha
  3857 | D:3      | Killed Natasha
  3911 | D:3      | Noticed Natasha
  3926 | D:3      | Killed Natasha
  4440 | D:3      | Found a radiant altar of Vehumet.
  4444 | D:3      | Reached XP level 7. HP: 43/43 MP: 7/7
  5359 | D:4      | Found a staircase to the Ecumenical Temple.
  5367 | Temple   | Entered the Ecumenical Temple
  5406 | Temple   | Became a worshipper of Dithmenos the Shadowed
  5951 | D:5      | Entered Level 5 of the Dungeon
  6009 | D:4      | Slain by an orc wizard

Skill      XL: |  1  2  3  4  5  6 |
---------------+-------------------+-----
Short Blades   | 3 4 |  4.5
Throwing       | 3 4 |  4.8
Fighting       | 3 4 |  4.6
Dodging        | 2 3 |  3.4
Stealth        | 6 |  6.4

Action                   |  1- 3 |  4- 6 |  7- 9 || total
-------------------------+-------+-------+-------++-------
Melee: Dagger            |    72 |   161 |    73 ||   306
 Fire: Blowgun           |    11 |    27 |       ||    38
Throw: Stone             |       |    19 |       ||    19
  Use: Scroll            |     2 |     3 |       ||     5
       Potion            |       |       |     3 ||     3
 Stab: Sleeping          |    12 |    11 |     4 ||    27
  Eat: Chunk             |     8 |    10 |     6 ||    24
Armor: Robe              |     4 |    23 |     9 ||    36
Dodge: Dodged            |    36 |    87 |    41 ||   164
